 Dungeon Crawl Stone Soup version 0.28.0-53-g5a82cb258f (webtiles) character file.

Game seed: 11634537020617380777

2174 bnorton916 the Magician (level 9, -1/45 HPs)
             Began as a Deep Elf Fire Elementalist on July 16, 2022.
             Was an Initiate of Gozag.
             Slain by an acid dragon (3 damage)
             ... on level 7 of the Dungeon.
             The game lasted 00:11:03 (11516 turns).

bnorton916 the Magician (DEFE)                     Turns: 11516, Time: 00:11:03

Health: -1/45      AC:  1    Str:  7    XL:     9   Next: 11%
Magic:  18/31      EV: 12    Int: 26    God:    Gozag
Gold:   23         SH:  0    Dex: 15    Spells: 8/23 levels left

rFire   . . .      SeeInvis .   n - +3 war axe of Action {protect, rElec rN+ MP+9 Int+3}
rCold   . . .      Faith    .   (no shield)
rNeg    + + +      Spirit   .   k - +1 robe {rN+}
rPois   .          Reflect  .   H - +2 hat
rElec   +          Harm     .   (no cloak)
rCorr   .          Rampage  .   (no gloves)
Will    .....                   (no boots)
Stlth   ++........              (no amulet)
HPRegen 0.15/turn               C - ring of positive energy
MPRegen 0.22/turn               (no ring)

@: corroded, gold aura, very slightly contaminated
A: no striking features
a: Renounce Religion, Potion Petition, Call Merchant, Bribe Branch


You were on level 7 of the Dungeon.
You worshipped Gozag.
Gozag was noncommittal.
You visited 2 branches of the dungeon, and saw 8 of its levels.

You collected 265 gold pieces.
You spent 168 gold pieces at shops.
You paid 74 gold pieces to Gozag.

Inventory:

Hand Weapons
 e - a +0 dagger of protection
 n - the +3 war axe of Action (weapon) {protect, rElec rN+ MP+9 Int+3}
   (You found it on level 2 of the Dungeon)

   It grants its wielder temporary protection when it strikes (+7 to AC).
   Int:       It affects your intelligence (+3).
   rElec:     It insulates you from electricity.
   rN:        It protects you from negative energy.
   MP:        It affects your magic capacity (+9).
 s - a +1 dagger of draining
 G - a +7 flail of protection
Missiles
 d - 3 boomerangs
 h - 203 stones
Armour
 k - a +1 robe of positive energy (worn)
 y - the +8 ring mail of the Onion {rF+}
   (You found it on level 4 of the Dungeon)

   rF:        It protects you from fire.
 H - a +2 hat (worn)
Magical Staves
 m - a staff of air
Jewellery
 C - a ring of positive energy (left hand)
Wands
 b - a wand of acid (8)
 t - a wand of iceblast (4)
 F - a wand of flame (16)
Scrolls
 c - 3 scrolls of enchant armour
 l - a scroll of enchant weapon {unknown}
 p - a scroll of summoning {unknown}
 u - 3 scrolls of fear
 v - 2 scrolls of amnesia {unknown}
 w - 2 scrolls of noise {unknown}
 z - 2 scrolls of vulnerability {unknown}
 B - a scroll of torment {unknown}
 E - a scroll of immolation {unknown}
Potions
 a - a potion of heal wounds {unknown}
 f - 3 potions of curing
 g - a potion of attraction {unknown}
 i - a potion of mutation {unknown}
 j - 2 potions of lignification {unknown}
 o - 3 potions of berserk rage
 q - 2 potions of flight {unknown}
 r - 2 potions of cancellation
 x - 2 potions of brilliance {unknown}
 A - 2 potions of degeneration {unknown}
 D - a potion of might {unknown}


   Skills:
 + Level 3.7 Armour
 - Level 2.4 Dodging
 - Level 2.4 Stealth
 + Level 7.8 Spellcasting
 + Level 6.1 Conjurations
 + Level 6.9 Fire Magic
 - Level 4.0 Ice Magic
 - Level 2.0 Air Magic
 - Level 3.0 Poison Magic


You had 8 spell levels left.
You knew the following spells:

 Your Spells              Type           Power      Damage    Failure   Level
a - Foxfire               Conj/Fire      100%       2x1d9     1%          1
b - Scorch                Fire           92%        2d10      1%          2
c - Conjure Flame         Conj/Fire      44%        6-21      1%          3
d - Poisonous Vapours     Pois/Air       46%        N/A       3%          2
e - Flame Wave            Conj/Fire      44%        2d10      3%          4
f - Ozocubu's Armour      Ice            30%        N/A       3%          3

Your spell library contained the following spells:

 Spells                   Type           Power      Damage    Failure   Level
 Ensorcelled Hibernation  Hex/Ice        40%        N/A       3%          2
 Inner Flame              Hex/Fire       28%        N/A       4%          3
 Apportation              Tloc           20%        N/A       6%          1
 Corpse Rot               Necr/Air       30%        N/A       6%          2
 Swiftness                Air            20%        N/A       8%          3
 Passwall                 Tmut/Erth      8%         N/A       9%          2
 Portal Projectile        Hex/Tloc       20%        N/A       17%         3
 Metabolic Englaciation   Hex/Ice        10%        N/A       56%         5
 Alistair's Intoxication  Tmut/Pois      11%        N/A       65%         5
 Blade Hands              Tmut           5%         N/A       85%         5
 Excruciating Wounds      Necr           5%         N/A       85%         5
 Simulacrum               Ice/Necr       10%        N/A       98%         6


Dungeon Overview and Level Annotations

Branches:
Dungeon (7/15)             Temple (1/1) D:6

Altars:
Ashenzari
Cheibriados
Dithmenos
Elyvilon
Fedhas
Gozag
Hepliaklqana
Kikubaaqudgha
Makhleb
Nemelex Xobeh
Okawaru
Qazlal
Ru
Sif Muna
Trog
Uskayaw
Vehumet
Wu Jian
Yredelemnul
The Shining One

Shops:
D:2 [   D:6 =


Message History

Unknown command.
Casting: Poisonous Vapours (safe; 3% risk of failure)
Confirm with . or Enter, or press ? or * to list all spells.
Casting: Flame Wave (dangerous; 4% risk of failure)
Press: ? - help, Dir - look around, f - activate A wave of flame ripples out!
The flame wave engulfs the bullfrog!
The bullfrog is heavily wounded. (Press . to intensify the flame waves.)
The bullfrog closely misses you.
Unknown command.
A wave of flame ripples out!
The flame wave engulfs the acid dragon but does no damage.
The acid dragon is moderately wounded.
The flame wave engulfs the bullfrog!
You kill the bullfrog!
You hear a shout! x2
The acid dragon bites you!
The acid dragon claws you but does no damage.
Unknown command.
Unknown command.
A wave of flame ripples out!
The flame wave engulfs the acid dragon.
The acid dragon is heavily wounded.
You finish channelling waves of flame.
You hear a shout! x2
The acid dragon spits acid at you. The splash of acid hits you!!
The acid corrodes you!
Unknown command.
Unknown command.
Casting: Flame Wave (dangerous; 3% risk of failure)
Confirm with . or Enter, or press ? or * to list all spells.
Flames lash the acid dragon.
The acid dragon is almost dead.
The acid dragon's fire resistance burns away.
The acid dragon bites you!
* * * LOW HITPOINT WARNING * * *
The acid dragon claws you.
* * * LOW HITPOINT WARNING * * *
The acid dragon barely misses you. The acid dragon claws you.
You die...
Your body crumbles into a pile of gold.

$ ....>. ....
......##...
..........
#.......
#......# #
#.#......#.#
......D$...#...
#.....@......#
#......##...##
...<....# .#
........# $
........#
.........
.........
.....##.) $


You could see an acid dragon (catching breath, combustible).

Vanquished Creatures
  Edmund (D:6)
  A water moccasin (D:6)
  2 black bears
  2 ice beasts
  A necrophage (D:6)
  2 ogres (D:5)
  2 phantoms
  2 bullfrogs
  2 scorpions
  A water moccasin skeleton (D:6)
  5 wights (D:6)
  A bullfrog zombie (D:6)
  A bullfrog skeleton (D:6)
  A jelly (D:6)
  2 orc priests (D:5)
  2 hounds (D:6)
  Jessica (D:2)
  3 iguanas
  5 orc wizards
  3 gnolls (D:2)
  11 adders
  A white imp (D:6)
  2 ufetubi (D:6)
  An adder zombie (D:4)
  2 dart slugs (D:1)
  18 orcs
  7 endoplasms
  4 giant cockroaches
  10 goblins
  4 hobgoblins
  3 jackals (D:2)
  3 quokkas
  10 ball pythons
  3 bats
  A frilled lizard (D:2)
  8 kobolds
  6 rats
134 creatures vanquished.

Vanquished Creatures (others)
  475 foxfires
  2 plants (D:3)
477 creatures vanquished.

Grand Total: 611 creatures vanquished

Notes
Turn   | Place    | Note
-------+----------+-------------------------------------------
     0 | D:1      | bnorton916 the Deep Elf Fire Elementalist began the quest
                  | for the Orb.
     0 | D:1      | Reached XP level 1. HP: 10/10 MP: 6/6
   534 | D:1      | Reached XP level 2. HP: 15/15 MP: 2/8
  1545 | D:2      | Reached skill level 4 in Spellcasting
  1545 | D:2      | Reached XP level 3. HP: 12/19 MP: 3/10
  1651 | D:2      | Learned a level 2 spell: Scorch
  1655 | D:2      | Learned a level 3 spell: Conjure Flame
  1658 | D:2      | Learned a level 2 spell: Poisonous Vapours
  1924 | D:2      | Noticed Jessica
  1925 | D:2      | Reached XP level 4. HP: 24/24 MP: 9/12
  1926 | D:2      | Killed Jessica
  1965 | D:2      | Reached skill level 1 in Poison Magic
  2103 | D:2      | Reached skill level 1 in Air Magic
  2760 | D:2      | Reached XP level 5. HP: 18/28 MP: 8/13
  3388 | D:2      | Identified the +3 war axe of Action {protect, rElec rN+
                  | MP+9 Int+3}
  3668 | D:2      | Found Jituneq's Antique Armour Boutique.
  3910 | D:3      | Found a faded altar of an unknown god.
  3955 | D:3      | Noticed an ice beast
  3968 | D:3      | Killed an ice beast
  3969 | D:3      | Reached XP level 6. HP: 24/32 MP: 14/15
  4504 | D:3      | Reached skill level 5 in Spellcasting
  4512 | D:3      | Reached skill level 1 in Armour
  5267 | D:3      | Found a hide-covered altar of Uskayaw.
  5592 | D:4      | Learned a level 4 spell: Flame Wave
  5892 | D:4      | Found a stormy altar of Qazlal.
  6050 | D:4      | Identified the +8 ring mail of the Onion {rF+}
  6135 | D:4      | Found a broken altar of Ashenzari.
  6233 | D:4      | Reached skill level 5 in Fire Magic
  6493 | D:5      | Entered Level 5 of the Dungeon
  6533 | D:5      | Reached XP level 7. HP: 36/36 MP: 17/17
  6546 | D:5      | Learned a level 3 spell: Ozocubu's Armour
  6720 | D:5      | Reached skill level 1 in Ice Magic
  6990 | D:5      | Reached skill level 6 in Spellcasting
  7725 | D:5      | Reached XP level 8. HP: 22/41 MP: 19/19
  8966 | D:6      | Found Daihuifog's Jewellery Emporium.
  8998 | D:6      | Found a hazy altar of Hepliaklqana.
  8999 | D:6      | Found a blossoming altar of Fedhas.
  9000 | D:6      | Found a snail-covered altar of Cheibriados.
  9002 | D:6      | Found an ornate altar of the Wu Jian Council.
  9009 | D:6      | Reached skill level 5 in Conjurations
  9205 | D:6      | Noticed Edmund
  9233 | D:6      | Killed Edmund
  9935 | D:6      | Reached skill level 7 in Spellcasting
  9954 | D:6      | HP: 2/41 [scorpion (6)]
 10554 | D:6      | Reached XP level 9. HP: 24/45 MP: 22/22
 10938 | D:6      | Found a staircase to the Ecumenical Temple.
 10955 | Temple   | Entered the Ecumenical Temple
 11146 | Temple   | Became a worshipper of Gozag Ym Sagoz the Greedy
 11413 | D:2      | Bought a runed hat for 168 gold pieces
 11515 | D:7      | HP: 2/45 [acid dragon (5)]
 11516 | D:7      | Slain by an acid dragon

Illustrated notes

Levels and vault maps discovered:
D:1:      scummos_arrival_simple_crosswalls, layout_loops_ring,
          minmay_small_reverse_x
D:2:      layout_loops_ring, serial_co_window_serial, co_window_paths_a,
          co_window_corner_a, co_window_corner_a, co_window_of_opportunity_a,
          co_window_paths_a, co_window_2corner, co_window_broadway_b,
          co_window_paths_c, co_window_corner_b, co_window_2corner,
          co_window_2corner, glass_columns_b, glass_columns_c, glass_columns_b,
          serial_shops, nicolae_shop_trees, uniq_jessica
D:3:      layout_loops_ring, mainiacjoe_overflow_alcove_2,
          shapermc_ecumenical_altar_rom_forum, amcnicky_mini_pool_small
D:4:      layout_basic, ashenzari_conservatory_becter,
          nicolae_qazlal_general_emergency, minmay_ruptured
D:5:      layout_layer_cave
D:6:      layout_loops_cross, grunt_temple_overflow_open,
          minmay_temple_entry_glassed_door, serial_shops, nicolae_square_shop,
          minmay_between, uniq_edmund
D:7:      layout_cave_pools, gammafunk_ghost_icy, minivault_10
Temple:   nicolae_temple_god_jail

Skill      XL: |  1  2  3  4  5  6  7  8  9 |
---------------+----------------------------+-----
Conjurations   | 2 3 4 5 6 |  6.1
Spellcasting   | 4 5 6 7 |  7.8
Fire Magic     | 4 5 6 |  6.9
Poison Magic   | 1 2 3 |  3.0
Air Magic      | 1 2 |  2.0
Armour         | 1 2 3 |  3.7
Ice Magic      | 2 4 |  4.0
Dodging        | |  2.4
Stealth        | |  2.4

Action                   |  1- 3 |  4- 6 |  7- 9 || total
-------------------------+-------+-------+-------++-------
Melee: Unarmed           |     1 |       |       ||     1
       Dagger            |     8 |     1 |       ||     9
       War axe           |       |     1 |       ||     1
 Cast: Foxfire           |    92 |   127 |    86 ||   305
       Scorch            |       |    27 |    34 ||    61
       Conjure Flame     |       |     1 |     6 ||     7
       Flame Wave        |       |       |     4 ||     4
       Poisonous Vapours |       |       |     1 ||     1
  Use: Scroll            |       |       |     6 ||     6
       Potion            |       |       |     1 ||     1
Armor: Robe              |     7 |     8 |     5 ||    20
Dodge: Dodged            |    15 |     9 |    37 ||    61
